 Dungeon Crawl Stone Soup version 0.29.1-1-gd02db6906a (webtiles) character file.

Game seed: 1977080241453354654

3451 nshep25 the Slicer (level 10, -7/58 HPs)
             Began as a Tengu Monk on Oct 20, 2022.
             Was a Believer of Ashenzari.
             Mangled by a yak (15 damage)
             ... on level 9 of the Dungeon.
             The game lasted 00:27:36 (8687 turns).

nshep25 the Slicer (Tengu Monk)                     Turns: 8687, Time: 00:27:37

Health: -7/58      AC:  6    Str: 15    XL:     10   Next: 6%
Magic:  11/11      EV: 18    Int: 17    God:    Ashenzari [**....]
Gold:   695        SH:  5    Dex: 18    Spells: 9/9 levels left

rFire   . . .      SeeInvis +   s - +8 short sword "Eternal With Me" {spect, Int+4, Cun, Melee} (curse)
rCold   . . .      Faith    .   (no shield)
rNeg    . . .      Spirit   .   w - +0 leather armour of the Profound Dismay {Melee, Alch} (curse)
rPois   +          Reflect  +   (helmet restricted)
rElec   .          Harm     .   y - +1 cloak
rCorr   +          Rampage  .   (no gloves)
Will    .....                   (boots unavailable)
Stlth   ++++......              A - amulet "Ceth" {Reflect Drain rCorr Int+3 SH+5}
HPRegen 0.19/turn               q - ring of poison resistance
MPRegen 0.12/turn               G - ring "Ensconced Regret" {rCorr, Range, Fort} (curse)

@: flying quickly and evasively, quick
A: beak, talons 3, nimble flight
a: Renounce Religion, Curse Item, Shatter the Chains


You were on level 9 of the Dungeon.
You worshipped Ashenzari.
Ashenzari was pleased with you.
You visited 2 branches of the dungeon, and saw 10 of its levels.
You also visited: Ossuary.

You collected 695 gold pieces.

Inventory:

Hand Weapons
 d - a +0 quarterstaff
 s - the cursed +8 short sword "Eternal With Me" (weapon) {spect, Int+4, Cun, Melee}
   (You found it on level 2 of the Dungeon)

   When its wielder attacks, the weapon's spirit leaps out and strikes again.
   The spirit shares a part of any damage it takes with its wielder.
   Int:       It affects your intelligence (+4).
   It has a curse which improves the following skills: Cunning: Dodging and
   Stealth.
   Melee Combat: Short Blades, Long Blades, Axes, Maces & Flails, Polearms,
   Staves and Unarmed Combat.
Missiles
 e - 2 boomerangs
 g - 19 poisoned darts
 n - 4 javelins (quivered)
 K - a throwing net
Armour
 b - a +0 robe
 k - a +0 ring mail
 w - the cursed +0 leather armour of the Profound Dismay (worn) {Melee, Alch}
   (You found it on level 3 of the Dungeon)

   It has a curse which improves the following skills: Melee Combat: Short
   Blades, Long Blades, Axes, Maces & Flails, Polearms, Staves and Unarmed
   Combat.
   Alchemy:   Poison Magic and Transmutations.
 x - a +0 leather armour
 y - a +1 cloak (worn)
Jewellery
 a - a ring of resist corrosion
 m - a ring of flight
 q - a ring of poison resistance (left hand)
 A - the amulet "Ceth" (around neck) {Reflect Drain rCorr Int+3 SH+5}
   (You acquired it on level 8 of the Dungeon)

   [amulet of reflection]

   It reflects blocked missile attacks.
   Int:       It affects your intelligence (+3).
   rCorr:     It protects you from acid and corrosion.
   Drain:     It drains your maximum health when unequipped.
   SH:        It affects your SH (+5).
 D - a +6 ring of strength
 E - an amulet of faith
 G - the cursed ring "Ensconced Regret" (right hand) {rCorr, Range, Fort}
   (You found it on level 5 of the Dungeon)

   [ring of resist corrosion]

   rCorr:     It protects you from acid and corrosion.
   It has a curse which improves the following skills: Ranged Combat: Ranged
   Weapons and Throwing.
   Fortitude: Armour and Shields.
Wands
 p - a wand of charming (17)
 t - a wand of light (2)
 v - a wand of flame (7)
 M - a wand of digging (4)
Scrolls
 f - 2 scrolls of poison
 i - a scroll of enchant armour
 j - 5 scrolls of teleportation
 o - a scroll of magic mapping
 r - a scroll of amnesia
 B - 6 scrolls of enchant weapon
 H - a scroll of blinking
Potions
 c - 2 potions of ambrosia
 h - 4 potions of curing
 l - 3 potions of mutation
 u - a potion of invisibility
 z - a potion of brilliance
 C - a potion of flight
 F - a potion of haste
 I - 2 potions of cancellation
 J - 3 potions of might
 L - 2 potions of berserk rage


   Skills:
 + Level 4.8 Fighting
 * Level 9.8(11.7) Short Blades
 + Level 4.8(6.6) Polearms
 + Level 4.6(5.8) Armour
 + Level 5.5(6.7) Dodging
 + Level 8.1(9.4) Stealth


You had 9 spell levels left.
You didn't know any spells.
Your spell library contained the following spells:

 Spells                   Type           Power      Damage    Failure   Level
 Freeze                   Ice            0%         1d3       28%         1
 Slow                     Hex            0%         N/A       28%         1
 Ensorcelled Hibernation  Hex/Ice        0%         N/A       38%         2
 Confusing Touch          Hex            0%         N/A       63%         3
 Frozen Ramparts          Ice            0%         1d1       63%         3
 Gell's Gravitas          Tloc           0%         N/A       63%         3
 Spider Form              Tmut/Pois      0%         N/A       63%         3
 Stone Arrow              Conj/Erth      0%         3d7       63%         3
 Teleport Other           Tloc           0%         N/A       63%         3
 Vampiric Draining        Necr           0%         2d6       63%         3
 Anguish                  Hex/Necr       0%         N/A       95%         4
 Animate Armour           Summ/Erth      0%         N/A       95%         4
 Fulminant Prism          Conj/Hex       0%         3d6       95%         4
 Hailstorm                Conj/Ice       0%         3d3       95%         4
 Iskenderun's Mystic Bla  Conj/Tloc      0%         2d3       95%         4
 Lee's Rapid Deconstruct  Erth           0%         3d5*      100%        5
 Dispersal                Tloc           0%         N/A       100%        6
 Lehudib's Crystal Spear  Conj/Erth      0%         10d2      100%        8


Dungeon Overview and Level Annotations

Branches:
Dungeon (9/15)             Temple (1/1) D:7         Ossuary (visited)
   Lair: D:8-11         Orc: D:9-12

Altars:
Ashenzari
Cheibriados
Dithmenos
Elyvilon
Fedhas
Gozag
Kikubaaqudgha
Makhleb
Okawaru
Qazlal
Ru
Sif Muna
Trog
Uskayaw
Vehumet
Wu Jian
Xom
Yredelemnul
Zin
The Shining One

Annotations:
D:3 2 runed translucent doors, fireball365's ghost, amateur MiFi


Innate Abilities, Weirdness & Mutations

You have a beak for a mouth.
You have claws for feet.
Your magical nature lets you fly swiftly and evasively.


Message History

The orc warrior shoots a bolt.
The bolt hits your +8 short sword "Eternal With Me" {spect, Int+4, Cun, Melee}!!
Your spectral weapon shares its damage with you!
The centaur wields a +0 shortbow.
The centaur shoots an arrow.
The arrow hits your +8 short sword "Eternal With Me" {spect, Int+4, Cun, Melee}!
Your spectral weapon shares its damage with you!
Your +8 short sword "Eternal With Me" {spect, Int+4, Cun, Melee} fades away.
You hit the orc but do no damage. Your kick misses the orc. You peck the orc.
The orc is lightly wounded.
Your +8 short sword "Eternal With Me" {spect, Int+4, Cun, Melee} hits the orc.
You kill the orc!
The yak barely misses your +8 short sword "Eternal With Me" {spect, Int+4, Cun, Melee}.
You puncture the yak! You claw the yak!
The yak is moderately wounded.
Your +8 short sword "Eternal With Me" {spect, Int+4, Cun, Melee} hits the yak.
The centaur shoots an arrow.
The arrow misses your +8 short sword "Eternal With Me" {spect, Int+4, Cun, Melee}.
You reflect the arrow off an invisible shield around you!
The arrow hits the centaur.
The orc warrior shoots a bolt.
The bolt barely misses your +8 short sword "Eternal With Me" {spect, Int+4, Cun, Melee}.
The bolt hits you!!
* * * LOW HITPOINT WARNING * * *
You hit the yak but do no damage. You claw the yak, but do no damage.
The yak is heavily wounded.
Your +8 short sword "Eternal With Me" {spect, Int+4, Cun, Melee} hits the yak!
The centaur shoots an arrow.
The arrow hits you!
* * * LOW HITPOINT WARNING * * *
You block the yak's attack.
You closely miss the yak. You claw the yak.
The yak is almost dead.
The orc warrior unwields a +0 arbalest.
The orc warrior wields a +0 glaive.
The orc warrior misses your +8 short sword "Eternal With Me" {spect, Int+4, Cun, Melee}.
The centaur unwields a +0 shortbow.
The centaur closely misses your +8 short sword "Eternal With Me" {spect, Int+4, Cun, Melee}.
The centaur kicks your +8 short sword "Eternal With Me" {spect, Int+4, Cun, Melee} but does no damage.
You hit the yak. You claw the yak, but do no damage.
You peck the yak, but do no damage.
The yak is almost dead.
The yak closely misses you. The yak gores you!
You die...

* ###.######
, ,
#........# ,*
##........# ,
**,.........#
, , *
#........# ,
, #co......#
, *#(YY.....#
, #@# ** * *
#.# #.### *
#...#
###'##### *
#.......# ,,
** +.......#
###### * ,
#.......#
#..^.. ,,,*
#.......#
###.....


You could see 2 yaks, an orc warrior, a centaur (ally target) and a friendly +8
short sword "Eternal With Me" {spect, Int+4, Cun, Melee} (summoned).

Vanquished Creatures
  2 shadows (D:9)
  2 yaks (D:9)
  2 water moccasins (D:6)
  4 orc warriors
  A sky beast (D:7)
  An ice beast (D:6)
  An ogre (D:5)
  A centaur (D:6)
  A phantom (D:4)
  A kobold brigand (D:7)
  An elf zombie (Ossuary)
  A necrophage (D:4)
  4 bullfrogs
  3 scorpions
  5 wights (D:6)
  4 killer bees (D:9)
  A centaur zombie (Ossuary)
  2 hounds
  4 orc priests
  3 jellies
  An iguana (D:7)
  Ijyb (D:3)
  5 orc wizards
  3 mummies
  A gnoll (D:3)
  14 adders
  3 adder zombies (Ossuary)
  3 worms
  3 dart slugs
  22 orcs
  3 bats
  11 endoplasms
  4 giant cockroaches
  7 goblins
  3 hobgoblins
  4 jackals (D:1)
  18 kobolds
  9 quokkas
  5 ball pythons
  A frilled lizard (D:2)
  2 goblin zombies
  13 hobgoblin zombies
  2 jackal zombies (Ossuary)
  6 kobold zombies (Ossuary)
  10 orc zombies (Ossuary)
  6 rats
  A rat zombie (Ossuary)
205 creatures vanquished.

Notes
Turn   | Place    | Note
-------+----------+-------------------------------------------
     0 | D:1      | nshep25 the Tengu Monk began the quest for the Orb.
     0 | D:1      | Reached XP level 1. HP: 14/14 MP: 2/2
   118 | D:1      | Reached XP level 2. HP: 14/19 MP: 3/3
   486 | D:1      | Reached XP level 3. HP: 21/23 MP: 4/4
  1441 | D:2      | Reached XP level 4. HP: 16/28 MP: 5/5
  2155 | D:2      | Identified the +8 short sword "Ysuuvihui" {spect, Int+4}
  2352 | D:3      | Noticed Ijyb
  2359 | D:3      | Killed Ijyb
  2440 | D:3      | Gained mutation: Your magical nature lets you fly swiftly
                  | and evasively. [Tengu growth]
  2440 | D:3      | Reached XP level 5. HP: 29/32 MP: 6/6
  2708 | D:3      | Found a runed translucent door.
  2709 | D:3      | Noticed fireball365's ghost (amateur MiFi)
  2744 | D:3      | Found a runed translucent door.
  2919 | D:3      | Reached skill level 1 in Armour
  3022 | D:4      | Found a snail-covered altar of Cheibriados.
  3038 | D:4      | Reached skill level 1 in Short Blades
  3038 | D:4      | Reached XP level 6. HP: 37/37 MP: 7/7
  3721 | D:4      | Reached skill level 2 in Short Blades
  3721 | D:4      | Reached XP level 7. HP: 37/42 MP: 8/8
  3735 | D:4      | Found a radiant altar of Vehumet.
  3925 | D:5      | Entered Level 5 of the Dungeon
  4207 | D:5      | Found a hide-covered altar of Uskayaw.
  4207 | D:5      | Found a stormy altar of Qazlal.
  4214 | D:5      | Found a faded altar of an unknown god.
  4216 | D:5      | Found a shimmering altar of Xom.
  4217 | D:5      | Found an ornate altar of the Wu Jian Council.
  4280 | D:5      | Reached skill level 3 in Short Blades
  4745 | D:6      | Reached skill level 4 in Short Blades
  4755 | D:6      | Found a shimmering blue altar of Sif Muna.
  4765 | D:6      | Reached skill level 5 in Stealth
  4767 | D:6      | Reached XP level 8. HP: 48/48 MP: 9/9
  4822 | D:6      | Reached skill level 5 in Short Blades
  4828 | D:6      | Found a sand-covered staircase.
  4853 | Ossuary  | Entered an ossuary
  5347 | D:6      | Reached skill level 6 in Short Blades
  5730 | D:6      | Reached skill level 7 in Short Blades
  6188 | D:6      | Reached XP level 9. HP: 52/52 MP: 10/10
  6289 | D:6      | Found a blossoming altar of Fedhas.
  6290 | D:6      | Found a broken altar of Ashenzari.
  6297 | D:6      | Became a worshipper of Ashenzari the Shackled
  6434 | D:6      | Found a glowing silver altar of Zin.
  6608 | D:7      | Reached skill level 8 in Short Blades
  6780 | D:7      | Reached * piety under Ashenzari
  6827 | D:7      | Reached skill level 5 in Dodging
  7347 | D:7      | Found a burning altar of Makhleb.
  7365 | D:7      | Reached ** piety under Ashenzari
  7378 | D:7      | Found a staircase to the Ecumenical Temple.
  7387 | Temple   | Entered the Ecumenical Temple
  7859 | D:8      | Found an opulent altar of Gozag.
  7888 | D:8      | Identified a scroll of acquirement
  7903 | D:8      | Acquired the amulet "Ceth" {Reflect Drain rCorr Int+3 SH+5}
  8311 | D:8      | Found a bloodstained altar of Trog.
  8312 | D:8      | Found an iron altar of Okawaru.
  8319 | D:8      | Reached skill level 9 in Short Blades
  8677 | D:9      | Reached XP level 10. HP: 57/58 MP: 11/11
  8687 | D:9      | Mangled by a yak

Illustrated notes

Levels and vault maps discovered:
D:1:      dpeg_arrival_three_bigger_balls, layout_rooms,
          chequers_serial_rivers_small_3, minivault_11, st_stairs_6,
          minmay_strange_pillars
D:2:      layout_loops_ring
D:3:      minmay_diamond_boxcup, layout_rooms, ebering_ghost_sewer_f, uniq_ijyb
D:4:      layout_gridville, cheibriados_altar_1, kennysheep_mini_moat,
          minmay_misc_feat_alley
D:5:      layout_loops_ring, chequers_temple_overflow_minitemple
D:6:      layout_layer_cave, jmf_multi_god_temple, mainiacjoe_overflow_alcove_2,
          led_sif_pool, nicolae_ossuary_entry_giza, minmay_holes,
          chequers_serial_rivers_micro_c, dk_noncrumbling_3
D:7:      layout_loops_ring, lightli_temple_of_fire, minmay_temple_entry_trees
D:8:      layout_basic, mainiacjoe_overflow_small_starburst,
          grunt_temple_overflow_bloody_war
D:9:      layout_roguey
Temple:   hellmonk_temple_micro_hex

Skill      XL: |  1  2  3  4  5  6  7  8  9 |
---------------+----------------------------+-----
Polearms       | 4 |  4.8
Stealth        | 3 4 5 6 8 |  8.1
Dodging        | 4 5 |  5.5
Armour         | 1 2 3 4 |  4.6
Short Blades   | 1 2 4 7 9 |  9.8
Fighting       | 4 |  4.8

Action                   |  1- 3 |  4- 6 |  7- 9 | 10-12 || total
-------------------------+-------+-------+-------+-------++-------
Melee: Spear             |   101 |    27 |       |       ||   128
       Kick              |    21 |    22 |    67 |     7 ||   117
       Peck              |     8 |    12 |    33 |     2 ||    55
       Short sword       |       |    54 |   214 |    11 ||   279
       Punch             |       |     2 |     6 |       ||     8
Invok: Curse Item        |       |       |     3 |       ||     3
  Use: Scroll            |       |       |    19 |       ||    19
       Potion            |       |       |     2 |       ||     2
 Stab: Sleeping          |    10 |     7 |    13 |       ||    30
       Distracted        |       |       |     5 |       ||     5
Armor: Robe              |    15 |       |       |       ||    15
       Ring mail         |    10 |     9 |       |       ||    19
       Leather armour    |       |     3 |    18 |       ||    21
Dodge: Dodged            |    64 |    26 |    94 |     3 ||   187
Block: Other             |       |       |       |     3 ||     3
       Reflection        |       |       |       |     1 ||     1
